 Dungeon Crawl Stone Soup version 0.29-a0-243-g602b31c20e (webtiles) character file.

Game seed: 7794943281972623676

116 sammy202020 the Skirmisher (level 4, -1/38 HPs)
             Began as a Palentonga Fighter on Mar 5, 2022.
             Slain by Grinder (4 damage)
             ... on level 3 of the Dungeon.
             The game lasted 00:03:47 (2127 turns).

sammy202020 the Skirmisher (Palentonga Fighter)     Turns: 2127, Time: 00:03:48

Health: -1/38      AC:  7    Str: 19    XL:     4   Next: 70%
Magic:  4/4        EV:  7    Int: 11    God:
Gold:   41         SH:  5    Dex: 15    Spells: 3/3 levels left

rFire   + . .      SeeInvis +   r - +0 whip (flame)
rCold   . . .      Faith    .   c - +0 buckler
rNeg    . . .      Spirit   .   b - +0 scale mail
rPois   .          Reflect  .   (no helmet)
rElec   .          Harm     .   (no cloak)
rCorr   .          Rampage  .   e - +0 pair of gloves
Will    .....                   (no barding)
Stlth   ..........              (no amulet)
HPRegen 0.12/turn               h - +6 ring of dexterity
MPRegen 0.09/turn               k - ring of protection from fire

@: no status effects
A: large, rugged brown scales 3, see invisible, deformed body, roll 1, armoured
tail
a: Rolling Charge


You were on level 3 of the Dungeon.
You visited 1 branch of the dungeon, and saw 3 of its levels.

You collected 41 gold pieces.

Inventory:

Hand Weapons
 a - a +1 flail
 m - a +0 whip of draining
 r - a +0 whip of flaming (weapon)
Armour
 b - a +0 scale mail (worn)
 c - a +0 buckler (worn)
 e - a +0 pair of gloves (worn)
Jewellery
 h - a +6 ring of dexterity (left hand)
 i - an amulet of magic regeneration
 k - a ring of protection from fire (right hand)
Scrolls
 n - a scroll of vulnerability {unknown}
 o - a scroll of identify {unknown}
 p - a scroll of teleportation {unknown}
 q - 2 scrolls of summoning {unknown}
Potions
 d - a potion of might
 f - a potion of heal wounds {unknown}
 g - 3 potions of brilliance {unknown}
 j - 2 potions of attraction {unknown}
 l - a potion of curing {unknown}


   Skills:
 + Level 3.6 Fighting
 + Level 2.8 Maces & Flails
 + Level 3.0 Armour
 + Level 1.3 Dodging
 + Level 2.9 Shields


You had 3 spell levels left.
You didn't know any spells.
Your spell library contained the following spells:

 Spells                   Type           Power      Damage    Failure   Level
 Borgnjor's Revivificati  Necr           0%         N/A       100%        8
 Necromutation            Tmut/Necr      0%         N/A       100%        8
 Death's Door             Necr           0%         N/A       100%        9


Dungeon Overview and Level Annotations

Branches:
Dungeon (3/15)

Altars:
Kikubaaqudgha

Annotations:
D:3 Grinder


Innate Abilities, Weirdness & Mutations

You are completely covered in rugged brown scales. (AC +3, +7% HP)
You have supernaturally acute eyesight. (SInv)
Armour fits poorly on your strangely shaped body.
You can roll at nearby foes to attack.
You have a long armoured tail.


Message History

You kill the adder!
You feel sick.
Your Armour skill increases to level 3!
You feel sick.
There is a faded altar of an unknown god here.
Things that are here:
a -1 short sword; an adder corpse You feel sick.
You feel sick.
You are no longer poisoned.
There is a faded altar of an unknown god here.
Things that are here:
a -1 short sword; an adder corpse You now have 41 gold pieces (gained 11).
Found an escape hatch in the floor.
You see here a quokka skeleton.
Grinder comes into view.
Grinder shouts!
Grinder hits you.
You writhe in agony.
You closely miss Grinder.
Your tail-slap misses Grinder.
Grinder blinks!
Grinder gestures at you. Pain shoots through your body!
You hit Grinder. You burn Grinder.
Grinder is lightly wounded.
Grinder gestures at you.
You suddenly lose the ability to move!
Grinder hits you.
You writhe in agony.
Grinder hits you.
You writhe in agony.
Grinder hits you.
* * * LOW HITPOINT WARNING * * *
You writhe in agony.
* * * LOW HITPOINT WARNING * * *
You can move again.
You are too injured to fight recklessly!
You hit Grinder. You burn Grinder.
Grinder is moderately wounded.
Grinder hits you.
* * * LOW HITPOINT WARNING * * *
You writhe in agony.
You die...

#.....#####.# #.##...# ##.
#>....# #.# #.####.# #..
####### #.# #)# #.# #.. #.# #.#
#.# #.. #.# #.####.####..
#.##### #<#.......... #####
#.##.. #.#.##.#####. ....###
#.##5# #......#####. #.....#
#.##@# #............ #.###.##
#.##.# ##....####.#. >.# #..#
#.##.# ##.#.###.### #.###..#
#.##.# #.#.##.## # #......#
###.##.# #.#>###.### ###.##.#
#...##.# ###.#.# ##.#. # #.##.#
#.####.# #...#.###.#.#
#.##.####.# #.# #.###.##.....
..##......####.####.###.###.#.#


You could see Grinder.

Vanquished Creatures
  2 orc wizards (D:3)
  2 adders
  A dart slug (D:1)
  2 orcs (D:3)
  A ball python (D:3)
  3 bats (D:1)
  6 endoplasms
  2 giant cockroaches
  4 goblins (D:1)
  2 hobgoblins
  3 jackals (D:2)
  5 kobolds
  3 quokkas
  A frilled lizard (D:2)
  6 rats
43 creatures vanquished.

Notes
Turn   | Place    | Note
-------+----------+-------------------------------------------
     0 | D:1      | sammy202020 the Palentonga Fighter began the quest for the
                  | Orb.
     0 | D:1      | Reached XP level 1. HP: 19/19 MP: 1/1
   323 | D:1      | Reached XP level 2. HP: 20/25 MP: 2/2
  1167 | D:2      | Reached XP level 3. HP: 23/31 MP: 3/3
  1587 | D:2      | You fall into a shaft and drop 1 floor!
  1598 | D:3      | Reached skill level 1 in Dodging
  1598 | D:3      | Reached XP level 4. HP: 36/37 MP: 4/4
  1775 | D:3      | Found an ancient bone altar of Kikubaaqudgha.
  1931 | D:3      | Found a faded altar of an unknown god.
  2116 | D:3      | Noticed Grinder
  2123 | D:3      | Paralysed by Grinder for 4 turns
  2127 | D:3      | Slain by Grinder

Illustrated notes

Levels and vault maps discovered:
D:1:      dpeg_arrival_simpleton_a, layout_basic
D:2:      layout_basic, amethyst_killhole
D:3:      layout_loops_ring, mainiacjoe_overflow_brackets,
          ebering_ecumenical_altar_rust, uniq_grinder

Skill      XL: |  1  2  3  4 |
---------------+-------------+-----
Dodging        | 1 |  1.3
Armour         | 3 |  3.0
Fighting       | |  3.6
Maces & Flails | |  2.8
Shields        | |  2.9

Action                   |  1- 3 |  4- 6 || total
-------------------------+-------+-------++-------
Melee: Flail             |    88 |       ||    88
       Tailslap          |     5 |     4 ||     9
       Whip              |       |    47 ||    47
 Abil: Rolling Charge    |     1 |       ||     1
  Use: Scroll            |     3 |       ||     3
Armor: Scale mail        |    40 |    14 ||    54
Dodge: Dodged            |    31 |    12 ||    43
Block: Buckler           |    14 |     8 ||    22

Table legend: (Time is in decaauts)
 A = Elapsed time spent in this place.
 B = Non-inter-level travel time spent in this place.
 C = Inter-level travel time spent in this place.
 D = Time resting spent in this place.
 E = Time spent auto-exploring this place.
 F = Levels seen in this place.
 G = Mean time per level.
                   A        B        C        D        E       F      G
               +--------+--------+--------+--------+--------+-----+--------+
         Total |   2152 |   2101 |     51 |      0 |   1738 |   3 |  717.3 |
       Dungeon |   2152 |   2101 |     51 |      0 |   1738 |   3 |  717.3 |
               +--------+--------+--------+--------+--------+-----+--------+

Top non-repeatable levels by time:
     D:1: 1140 daAuts
     D:3: 541 daAuts
     D:2: 469 daAuts
